 Dungeon Crawl Stone Soup version 0.20-a0-309-gcba9277 (webtiles) character file.

10465 HarryHood the Basher (level 11, -6/71 HPs)
             Began as a Gargoyle Fighter on Dec 18, 2016.
             Was a Priest of Makhleb.
             Mangled by a yak (7 damage)
             ... on level 11 of the Dungeon.
             The game lasted 00:46:40 (8820 turns).

HarryHood the Basher (Gargoyle Fighter)             Turns: 8820, Time: 00:46:41

Health: -6/71      AC: 27    Str: 21    XL:     11   Next: 62%
Magic:  11/11      EV:  7    Int:  8    God:    Makhleb [***...]
Gold:   714        SH: 11    Dex: 12    Spells: 10/10 levels left

rFire  . . .     SeeInvis .     z - +0 eveningstar (venom)
rCold  + . .     Gourm    +     v - +0 plate armour
rNeg   + . .     Faith    .     c - +0 shield
rPois  ∞         Spirit   .     n - +1 helmet
rElec  +         Reflect  .     (no cloak)
rCorr  +         Harm     .     x - +2 pair of gloves
MR     .....                    (no boots)
Stlth  ..........               i - amulet of the gourmand
                                y - ring of resist corrosion
                                l - ring of protection from cold

@: about to teleport
A: negative energy resistance 1, electricity resistance, unbreathing,
petrification resistance, rot immunity, AC +7
a: Minor Destruction, Lesser Servant of Makhleb, Renounce Religion


You were on level 11 of the Dungeon.
You worshipped Makhleb.
Makhleb was most pleased with you.
You were very full.

You visited 2 branches of the dungeon, and saw 12 of its levels.

You collected 714 gold pieces.

Inventory:

Hand Weapons
 e - a +4 mace of crushing
 z - a +0 eveningstar of venom (weapon)
Armour
 c - a +0 shield (worn)
 n - a +1 helmet (worn)
 v - a +0 plate armour (worn)
 x - a +2 pair of gloves (worn)
Jewellery
 i - an amulet of the gourmand (around neck)
 l - a ring of protection from cold (left hand)
 s - an uncursed ring of protection from fire
 y - a ring of resist corrosion (right hand)
Scrolls
 a - 2 scrolls of magic mapping
 g - 5 scrolls of remove curse
 j - 3 scrolls of teleportation
 o - 4 scrolls of identify
 B - 2 scrolls of recharging
 E - a scroll of fog
Potions
 d - 2 potions of might
 h - 2 potions of resistance
 k - 6 potions of curing
 q - a potion of cancellation
 u - 2 potions of agility
 w - a potion of ambrosia
 A - 2 potions of haste
Books
 D - a book of Air

   Spells                             Type                      Level
   a - Shock                          Conjuration/Air              1
   b - Swiftness                      Charms/Air                   2
   c - Repel Missiles                 Charms/Air                   2
   d - Static Discharge               Conjuration/Air              3
   e - Lightning Bolt                 Conjuration/Air              5
Comestibles
 b - 6 beef jerkies
 f - 9 bread rations
 p - 3 slices of pizza
 r - 6 meat rations
 t - 7 fruits


   Skills:
 - Level 9.1 Fighting
 * Level 11.2 Maces & Flails
 - Level 9.4 Armour
 + Level 3.5 Dodging
 - Level 9.1 Shields


You had 10 spell levels left.
You didn't know any spells.

Dungeon Overview and Level Annotations

Branches:
Dungeon (11/15)            Temple (1/1) D:5            Lair (0/6) D:11
    Orc: D:9-12

Altars:
Ashenzari
Cheibriados
Dithmenos
Elyvilon
Fedhas
Gozag
Hepliaklqana
Kikubaaqudgha
Makhleb
Nemelex Xobeh
Okawaru
Qazlal
Ru
Sif Muna
Trog
Uskayaw
Vehumet
Xom
Yredelemnul
Zin
The Shining One

Shops:
D:8 =


Innate Abilities, Weirdness & Mutations

You are resistant to torment.
Your stone body is resilient. (AC +7)
You are immune to poison.
You resist negative energy. (rN+)
You are resistant to electric shocks. (rElec)
You can survive without breathing.
You are immune to petrification.
You are immune to rotting.


Message History

You completely miss something.
The yak bellows!
Something hits you but does no damage. You block the yak's attack.
You barely miss something. You block something's attack.
The yak gores you but does no damage.
You impale something!! Makhleb accepts your kill.
You feel better.
Reactivating autopickup.
You feel a bit more experienced. The yak gores you!
* * * LOW HITPOINT WARNING * * *
Okay, then.
As you read the scroll of teleportation, it crumbles to dust.
You feel strangely unstable. The yak gores you.
* * * LOW HITPOINT WARNING * * *
You block the yak's attack.
You hit the yak.
The yak is poisoned.
The yak is lightly wounded.
The yak gores you!
You die...

#...............#....
#.........####.##...# .
.o..[................ #.
#.......#.......[...#
#..#....lY.#########....
#... #o## ###.. .....
#..### #(.
.....Y#####)..# #(.
.....YY@YYl##)# #(#
....YY####)##.## #..
.<... #.....## ##)
#..........3##..#### #.
##. #######........####.
#. #####......... #
#...........
....#####.##.. ..###
#.###.


You could see 7 yaks and a leopard gecko.

Vanquished Creatures
  2 two-headed ogres
  An unseen horror (D:11)
  Pikel (D:6)
  2 trolls
  Grinder (D:3)
  A hornet (D:11)
  A hippogriff (D:8)
  15 yaks
  2 hungry ghosts
  The ghost of Sweeb the Shield-Bearer, an amateur DsFi (D:5)
  A water moccasin (D:7)
  Duvessa (D:4)
  2 orc warriors (D:11)
  4 sky beasts
  A black bear (D:6)
  A necrophage (D:10)
  5 ogres
  6 ice beasts
  4 phantoms
  5 centaurs
  2 crocodiles
  A big kobold (D:9)
  Blork the orc (D:4)
  5 bullfrogs
  Dowan (D:4)
  A scorpion (D:4)
  4 killer bees (D:8)
  A howler monkey (D:4)
  6 crimson imps
  2 hounds
  A centaur skeleton (D:7)
  2 orc priests
  A bullfrog skeleton (D:11)
  3 bullfrog zombies
  2 jellies
  8 orc wizards
  Jessica (D:2)
  An iguana (D:9)
  5 worker ants
  A killer bee zombie (D:5)
  A bullfrog simulacrum (D:9)
  A howler monkey zombie (D:8)
  10 adders
  2 shadow imps
  5 oozes
  3 adder skeletons
  4 worms
  2 dart slugs
  8 leopard geckos
  27 orcs
  9 giant cockroaches
  6 hobgoblins
  17 jackals
  8 quokkas
  3 ball pythons
  4 bats
  4 frilled lizards
  2 goblins
  12 kobolds
  A leopard gecko skeleton (D:6)
  8 rats
243 creatures vanquished.

Notes
Turn   | Place    | Note
-------+----------+-------------------------------------------
     0 | D:1      | HarryHood the Gargoyle Fighter began the quest for the Orb.
     0 | D:1      | Reached XP level 1. HP: 14/14 MP: 1/1
   202 | D:1      | Reached XP level 2. HP: 19/19 MP: 2/2
   255 | D:1      | Reached skill level 3 in Maces & Flails
   576 | D:1      | Reached XP level 3. HP: 23/23 MP: 3/3
   824 | D:2      | Found a faded altar of an unknown god.
  1015 | D:2      | Found a sparkling altar of Nemelex Xobeh.
  1025 | D:2      | Reached skill level 4 in Maces & Flails
  1170 | D:2      | Reached XP level 4. HP: 28/28 MP: 4/4
  1215 | D:2      | Noticed Jessica
  1229 | D:2      | Killed Jessica
  1783 | D:3      | Reached skill level 5 in Maces & Flails
  1783 | D:3      | Reached XP level 5. HP: 32/32 MP: 5/5
  2033 | D:3      | Noticed Grinder
  2045 | D:3      | Killed Grinder
  2045 | D:3      | Reached skill level 6 in Maces & Flails
  2045 | D:3      | Reached XP level 6. HP: 25/37 MP: 6/6
  2163 | D:4      | Reached XP level 7. HP: 36/43 MP: 7/7
  2344 | D:4      | Noticed Blork the orc
  2361 | D:4      | Killed Blork the orc
  2361 | D:4      | Reached skill level 5 in Fighting
  2454 | D:4      | Found a shadowy altar of Dithmenos.
  2530 | D:4      | Noticed Duvessa
  2535 | D:4      | Noticed Dowan
  2556 | D:4      | Killed Duvessa
  2556 | D:4      | Reached skill level 5 in Armour
  2556 | D:4      | Reached XP level 8. HP: 21/51 MP: 8/8
  2560 | D:4      | Killed Dowan
  3202 | D:5      | Entered Level 5 of the Dungeon
  3224 | D:5      | Noticed Sweeb's ghost (amateur DsFi)
  3530 | D:5      | Killed Sweeb's ghost
  3799 | D:5      | Found a staircase to the Ecumenical Temple.
  3808 | Temple   | Entered the Ecumenical Temple
  3916 | Temple   | Became a worshipper of Makhleb the Destroyer
  3976 | D:5      | Reached skill level 5 in Shields
  4329 | D:6      | Reached skill level 7 in Maces & Flails
  4490 | D:6      | Reached XP level 9. HP: 55/55 MP: 9/9
  4517 | D:6      | Reached skill level 8 in Maces & Flails
  4567 | D:6      | Noticed Pikel
  4580 | D:6      | Killed Pikel
  4580 | D:6      | Reached skill level 9 in Maces & Flails
  4846 | D:6      | Reached * piety under Makhleb
  5981 | D:8      | Reached XP level 10. HP: 66/66 MP: 10/10
  6148 | D:8      | Found Iheow's Jewellery Shop.
  6469 | D:8      | Found a sparkling altar of Nemelex Xobeh.
  6493 | D:8      | Reached ** piety under Makhleb
  6534 | D:8      | Noticed a two-headed ogre
  6550 | D:8      | Killed a two-headed ogre
  7278 | D:9      | Got a jewelled scale mail
  7434 | D:9      | Found a runed door.
  7757 | D:9      | Identified the +1 scale mail "Ovvaucs" {MP+9} (You found it on level 9 of the Dungeon)
  7838 | D:10     | Entered Level 10 of the Dungeon
  8031 | D:10     | Reached *** piety under Makhleb
  8031 | D:10     | Reached XP level 11. HP: 66/71 MP: 11/11
  8080 | D:10     | Found a hazy altar of Hepliaklqana.
  8287 | D:10     | Reached skill level 1 in Dodging
  8341 | D:10     | Identified a scroll of acquirement
  8363 | D:11     | Killed an unseen horror
  8363 | D:11     | Reached skill level 10 in Maces & Flails
  8412 | D:11     | Noticed a two-headed ogre
  8421 | D:11     | Killed a two-headed ogre
  8558 | D:11     | Found a staircase to the Lair.
  8769 | D:11     | Reached skill level 11 in Maces & Flails
  8819 | D:11     | HP: 1/71 [yak (6)]
  8820 | D:11     | Mangled by a yak

Vault maps used:
D:1:      evilmike_arrival_crescent, kennysheep_nondescript
D:2:      chequers_ecumenical_altar_grove, nemelex_dance_club_becter,
          uniq_jessica
D:3:      first_bread, hex_medium, uniq_grinder
D:4:      grunt_ministairs_4, dk_noncrumbling_3, grunt_dithmenos_shadows,
          uniq_blork_the_orc, uniq_duvessa
D:5:      minivault_14
D:6:      corexii_shack_village, uniq_pikel
D:7:      grunt_ogre_cave
D:8:      serial_shops, shop, nemelex_diamond_rough_becter
D:9:      wad_hexagon
D:10:     basic_altar
D:11:     lair_entry_dummy, special_room
Temple:   grunt_wide_crystal_templ

Skill      XL: |  1  2  3  4  5  6  7  8  9 10 11 |
---------------+----------------------------------+-----
Maces & Flails | 3 4 5 6 7 9 11 | 11.2
Fighting       | 4 6 9 |  9.1
Armour         | 5 6 9 |  9.4
Shields        | 6 9 |  9.1
Dodging        | 3 |  3.5

Action                   |  1- 3 |  4- 6 |  7- 9 | 10-12 || total
-------------------------+-------+-------+-------+-------++-------
Melee: Flail             |    95 |       |       |       ||    95
       Mace              |    20 |   108 |   320 |   286 ||   734
       Eveningstar       |       |       |       |   118 ||   118
Invok: Minor Destruction |       |       |       |     1 ||     1
       Lesser Servant of |       |       |       |     1 ||     1
  Use: Scroll            |     6 |     6 |     6 |     6 ||    24
       Potion            |       |       |       |     1 ||     1
  Eat: Chunk             |     1 |    11 |    17 |    25 ||    54
Armor: Scale mail        |    56 |    45 |   120 |       ||   221
       Plate armour      |       |       |    45 |   215 ||   260
       Skin              |       |       |       |     9 ||     9
Dodge: Dodged            |    39 |    25 |    58 |    64 ||   186
Block: Shield            |    56 |    38 |   112 |   189 ||   395
